 Dungeon Crawl Stone Soup version 0.29.1-12-g30fa7ad0bf (webtiles) character file.

Game seed: 15785150068878388592

4869 LustLizard the Skirmisher (level 10, 0/46 HPs)
             Began as a Spriggan Hunter on Dec 29, 2022.
             Was a Believer of Dithmenos.
             Succumbed to a hornet's poison
             ... on level 9 of the Dungeon.
             The game lasted 00:29:23 (13627 turns).

LustLizard the Skirmisher (Spriggan Hunter)        Turns: 13627, Time: 00:29:24

Health: 0/46       AC:  2    Str:  7    XL:     10   Next: 26%
Magic:  20/20      EV: 19    Int: 18    God:    Dithmenos [**....]
Gold:   244        SH:  0    Dex: 22    Spells: 4/9 levels left

rFire   . . .      SeeInvis +   a - +0 shortbow
rCold   . . .      Faith    .   (shield currently unavailable)
rNeg    . . .      Spirit   .   c - +0 robe
rPois   .          Reflect  .   (helmet restricted)
rElec   .          Harm     .   (no cloak)
rCorr   .          Rampage  .   (gloves unavailable)
Will    +....                   (boots unavailable)
Stlth   ++++......              K - amulet of regeneration
HPRegen 0.95/turn               g - ring of magical power
MPRegen 0.17/turn               A - +6 ring of intelligence

@: lethally poisoned (0 -> -8), slowed, wreathed by umbra, quick
A: very small, no large weapons, unfitting armour, see invisible, speed 3
a: Renounce Religion, Shadow Step


You were on level 9 of the Dungeon.
You worshipped Dithmenos.
Dithmenos was pleased with you.
You visited 2 branches of the dungeon, and saw 10 of its levels.

You collected 485 gold pieces.
You spent 241 gold pieces at shops.

Inventory:

Hand Weapons
 a - a +0 shortbow (weapon)
Missiles
 r - 4 throwing nets
Armour
 c - a +0 robe (worn)
Jewellery
 g - a ring of magical power (left hand)
 n - an amulet of the acrobat
 A - a +6 ring of intelligence (right hand)
 D - a ring of protection from fire
 K - an amulet of regeneration (around neck)
Wands
 v - a wand of paralysis (10)
 x - a wand of polymorph (6)
 y - a wand of roots (8)
 E - a wand of light (12)
 F - a wand of flame (14)
Scrolls
 b - 3 scrolls of immolation
 f - 2 scrolls of enchant weapon {unknown}
 i - 3 scrolls of teleportation
 m - 2 scrolls of vulnerability {unknown}
 o - 2 scrolls of blinking
 p - a scroll of amnesia {unknown}
 q - 2 scrolls of enchant armour
 z - 2 scrolls of acquirement {unknown}
 B - a scroll of summoning {unknown}
 C - 2 scrolls of butterflies {unknown}
 H - a scroll of magic mapping
 I - a scroll of fear
Potions
 d - 3 potions of might
 e - 2 potions of attraction
 h - a potion of invisibility
 j - 4 potions of curing
 k - 3 potions of brilliance
 l - 5 potions of flight
 s - 2 potions of mutation
 t - 2 potions of lignification
 u - 2 potions of resistance
 w - 4 potions of heal wounds
 G - a potion of cancellation {unknown}
 J - a potion of haste


   Skills:
 + Level 2.0 Fighting
 * Level 14.1 Ranged Weapons
 * Level 3.9 Dodging
 - Level 5.0 Stealth
 - Level 2.0 Hexes
 - Level 4.0 Translocations
 - Level 4.0 Evocations


You had 4 spell levels left.
You knew the following spells:

 Your Spells              Type           Power      Damage    Failure   Level
a - Blink                 Tloc           28%        N/A       6%          2
b - Portal Projectile     Hex/Tloc       20%        N/A       19%         3

Your spell library contained the following spells:

 Spells                   Type           Power      Damage    Failure   Level
 Lesser Beckoning         Tloc           14%        N/A       13%         3
 Magic Dart               Conj           0%         1d3       22%         1
 Tukima's Dance           Hex            7%         N/A       28%         3
 Searing Ray              Conj           0%         2d4       32%         2
 Fulminant Prism          Conj/Hex       1%         3d6       82%         4
 Manifold Assault         Tloc           14%        N/A       75%         5
 Blade Hands              Tmut           0%         N/A       99%         5
 Iskenderun's Battlesphe  Conj           0%         2d6       99%         5
 Iron Shot                Conj/Erth      0%         9d1       100%        6
 Spellforged Servitor     Conj/Summ      0%         N/A       100%        7


Dungeon Overview and Level Annotations

Branches:
Dungeon (9/15)             Temple (1/1) D:6            Lair (0/5) D:8
    Orc: D:9-12

Altars:
Ashenzari
Cheibriados
Dithmenos
Elyvilon
Fedhas
Gozag
Hepliaklqana
Kikubaaqudgha
Makhleb
Nemelex Xobeh
Okawaru
Qazlal
Ru
Sif Muna
Trog
Uskayaw
Vehumet
Wu Jian
Xom
Yredelemnul
Zin
The Shining One

Shops:
D:4 (   D:5 :   D:7 ?[

Annotations:
D:9 exclusion: orange demon, Amaemon


Innate Abilities, Weirdness & Mutations

You are very small and have problems with some larger weapons.
You are too small for most types of armour.
You have supernaturally acute eyesight. (SInv)
You cover ground extremely quickly. (Speed+++)


Message History

Dithmenos accepts your kill.
You shoot an arrow. The orc shouts!
The arrow hits the orc.
The orc is heavily wounded.
You hear an angry buzzing noise.
You shoot an arrow. The arrow hits the orc!
You kill the orc!
Dithmenos accepts your kill.
You shoot an arrow. The arrow hits the orc!
You kill the orc!
Dithmenos accepts your kill.
You shoot an arrow. The hornet buzzes angrily.
The arrow hits the hornet but does no damage.
You shoot an arrow. The arrow hits the hornet.
The hornet is lightly wounded.
You shoot an arrow. The arrow hits the hornet!
The hornet is heavily wounded.
The hornet stings you.
You are poisoned.
You feel yourself slow down.
You shoot an arrow. The arrow closely misses the hornet.
You feel yourself speed up.
You feel very sick. The hornet barely misses you. The hornet stings you!
You feel yourself slow down.
You shoot an arrow. The arrow closely misses the hornet.
You feel sick. The hornet closely misses you.
The hornet attacks as you move away! The hornet closely misses you.
You feel sick. The hornet misses you. The hornet attacks as you move away!
The hornet stings you!
You feel as though you will be slow longer.
You feel sick.
You feel sick. The hornet attacks as you move away! The hornet stings you!
* * * LOW HITPOINT WARNING * * *
You are lethally poisoned!
You feel as though you will be slow longer.
You die...

................ .#
...............)#)#
....y......o.. #..
............# #)#
...........# #.#
#.........# ##.#
#.....<..# ##y##
#........## #..#
........## ##.@##
.......## ##....#
.)....# #.....##
....#. ##......#
....## ##.......#
... #........##
#.........#
#.........#
##........#


You could see a hornet.

Vanquished Creatures
  A troll (D:8)
  A hornet (D:9)
  A yak (D:8)
  Menkaure (D:5)
  7 water moccasins
  3 black bears
  4 orc warriors
  2 sky beasts
  4 centaurs
  2 ogres (D:6)
  3 phantoms
  3 kobold brigands
  6 scorpions
  5 bullfrogs
  A gnoll sergeant (D:7)
  3 howler monkeys
  2 hounds
  A jelly (D:4)
  5 orc priests
  6 iguanas
  5 orc wizards
  Terence (D:2)
  Robin (D:2)
  13 adders
  3 shadow imps
  2 ufetubi
  2 worms
  A dart slug (D:1)
  43 orcs
  6 endoplasms
  5 giant cockroaches
  15 hobgoblins
  3 quokkas
  13 ball pythons
  9 bats
  3 frilled lizards
  16 goblins
  23 kobolds
  3 rats
228 creatures vanquished.

Vanquished Creatures (others)
  45 fungi
  30 plants (D:8)
75 creatures vanquished.

Grand Total: 303 creatures vanquished

Notes
Turn   | Place    | Note
-------+----------+-------------------------------------------
     0 | D:1      | LustLizard the Spriggan Hunter began the quest for the Orb.
     0 | D:1      | Reached XP level 1. HP: 10/10 MP: 2/2
   127 | D:1      | Reached XP level 2. HP: 10/14 MP: 3/3
  1158 | D:2      | Noticed Terence
  1500 | D:2      | Reached XP level 3. HP: 18/18 MP: 4/4
  1577 | D:2      | Learned a level 2 spell: Blink
  1625 | D:2      | Noticed Robin
  1808 | D:2      | Killed Terence
  1809 | D:2      | Reached skill level 5 in Ranged Weapons
  1809 | D:2      | Reached skill level 1 in Translocations
  1993 | D:2      | Reached XP level 4. HP: 22/22 MP: 5/5
  2090 | D:2      | Killed Robin
  2455 | D:2      | Found a faded altar of an unknown god.
  2954 | D:3      | Noticed a phantom
  2970 | D:3      | Killed a phantom
  2971 | D:3      | Reached XP level 5. HP: 25/25 MP: 6/6
  3551 | D:3      | Reached skill level 6 in Ranged Weapons
  3551 | D:3      | Reached skill level 5 in Stealth
  3551 | D:3      | Reached XP level 6. HP: 25/30 MP: 7/7
  3921 | D:4      | Found Gaukkois's Weapon Shoppe.
  4547 | D:4      | Reached skill level 7 in Ranged Weapons
  4547 | D:4      | Reached XP level 7. HP: 17/33 MP: 8/8
  4749 | D:4      | Reached skill level 1 in Evocations
  5239 | D:4      | Found a white marble altar of Elyvilon.
  5242 | D:4      | Found a broken altar of Ashenzari.
  5759 | D:5      | Entered Level 5 of the Dungeon
  5805 | D:5      | Reached skill level 8 in Ranged Weapons
  5831 | D:5      | Found an iron altar of Okawaru.
  5943 | D:5      | Found Hunuusch's Self-Improvement Boutique.
  6141 | D:5      | Reached XP level 8. HP: 27/37 MP: 9/9
  6424 | D:5      | Noticed Menkaure
  6447 | D:5      | Reached skill level 9 in Ranged Weapons
  7014 | D:5      | Killed Menkaure
  7232 | D:6      | Learned a level 3 spell: Portal Projectile
  7367 | D:6      | Reached skill level 1 in Hexes
  7431 | D:6      | Found a staircase to the Ecumenical Temple.
  7912 | D:6      | Reached skill level 10 in Ranged Weapons
  8399 | Temple   | Entered the Ecumenical Temple
  8468 | Temple   | Became a worshipper of Dithmenos the Shadowed
  8874 | D:7      | Found Yhourops's Armour Shoppe.
  9535 | D:6      | Reached skill level 11 in Ranged Weapons
  9535 | D:6      | Reached XP level 9. HP: 30/41 MP: 10/10
  9701 | D:7      | Found Gunilouz's Magic Scroll Shoppe.
  9709 | D:7      | Bought a scroll of magic mapping for 82 gold pieces
  9709 | D:7      | Bought a scroll of enchant armour for 82 gold pieces
  9709 | D:7      | Bought a scroll of fear for 44 gold pieces
  9709 | D:7      | Bought a scroll of teleportation for 33 gold pieces
 10422 | D:7      | Reached * piety under Dithmenos
 10423 | D:7      | Reached skill level 12 in Ranged Weapons
 11704 | D:8      | Reached skill level 13 in Ranged Weapons
 11776 | D:8      | Noticed a troll
 12105 | D:8      | Reached XP level 10. HP: 45/46 MP: 11/11
 12337 | D:8      | Found a staircase to the Lair.
 12869 | D:8      | Reached skill level 14 in Ranged Weapons
 13290 | D:9      | Noticed Amaemon
 13290 | D:9      | Noticed an orange demon
 13354 | D:9      | Reached ** piety under Dithmenos
 13474 | D:9      | Paralysed by a hornet for 2 turns
 13627 | D:9      | HP: 2/46 [hornet (17)]
 13627 | D:9      | Succumbed to a hornet's poison

Illustrated notes

Levels and vault maps discovered:
D:1:      lightli_iron_boxes, layout_basic
D:2:      layout_loops_ring, hellmonk_ecumenical_altar_lost_god, uniq_robin,
          uniq_terence
D:3:      kennysheep_six_static_rooms, layout_basic
D:4:      old_forge, layout_loops_ring, nicolae_overflow_squiral, serial_shops,
          nicolae_shop_hallway_plus, grunt_ministairs_5,
          chequers_decorated_corner, amethyst_killhole, st_stairs_2,
          minmay_close_crescents
D:5:      layout_basic, okawaru_gym_becter, nicolae_shop_self_help,
          uniq_menkaure
D:6:      layout_basic, temple_green, minmay_misc_feat_room
D:7:      layout_basic, serial_shops, nicolae_square_shop, shop, minmay_circle_x
D:8:      layout_basic, due_lair_maze_entry_diamond
D:9:      layout_cave_pods, serial_shops, shop, guppyfry_early_elven_hall,
          uniq_amaemon
Temple:   compressed_dpeg_triangle_lava_temple

Skill      XL: |  1  2  3  4  5  6  7  8  9 10 |
---------------+-------------------------------+-----
Stealth        | 2 3 4 5 |  5.0
Ranged Weapons | 5 6 7 8 11 13 14 | 14.1
Translocations | 1 3 4 |  4.0
Evocations     | 4 |  4.0
Hexes          | 2 |  2.0
Dodging        | 3 |  3.9
Fighting       | 2 |  2.0

Action                   |  1- 3 |  4- 6 |  7- 9 | 10-12 || total
-------------------------+-------+-------+-------+-------++-------
 Fire: Shortbow          |   117 |   192 |   562 |   140 ||  1011
  Use: Scroll            |       |       |     9 |     1 ||    10
       Potion            |       |       |     1 |       ||     1
Armor: Robe              |     3 |    13 |     9 |       ||    25
Dodge: Dodged            |    23 |    56 |   162 |    44 ||   285
